 Dungeon Crawl Stone Soup version 0.30-a0-341-g682706514a (webtiles) character file.

Game seed: 15681928504679925668

96786 ytrimaz the Peltast (level 16, -1/127 HPs)
             Began as a Formicid Fighter on Nov 2, 2022.
             Was the Champion of Okawaru.
             Succumbed to a naga ritualist's toxic radiance
             ... on level 2 of the Snake Pit.
             The game lasted 00:30:55 (23570 turns).

ytrimaz the Peltast (Formicid Fighter)             Turns: 23570, Time: 00:30:55

Health: -1/127     AC: 35    Str: 28    XL:     16   Next: 67%
Magic:  8/21       EV: 10    Int:  9    God:    Okawaru [******]
Gold:   378        SH: 32    Dex: 13    Spells: 15/15 levels left

rFire   + . .      SeeInvis +    Z - +2 war axe (freeze)
rCold   . . .      Faith    .    M - +4 tower shield of Tadolait {rPois}
rNeg    . . .      Spirit   .    t - +9 plate armour of Brilliance {rF+}
rPois   .          Reflect  +    (helmet unavailable)
rElec   .          Harm     .    n - +0 cloak
rCorr   +          Rampage  .    r - +1 pair of gloves
Will    +....                    K - +0 pair of boots
Stlth   ..........               Q - amulet of reflection
HPRegen 0.41/turn                Y - ring of resist corrosion
MPRegen 0.17/turn                E - +4 ring of protection

@: lethally poisoned (-1 -> -15), heroic, poison vulnerable
A: permanent stasis, dig shafts and tunnels, antennae 3, four strong arms
a: Dig, Shaft Self, Renounce Religion, Heroism, Finesse, Duel


You were on level 2 of the Snake Pit.
You worshipped Okawaru.
Okawaru was exalted by your worship.
You visited 5 branches of the dungeon, and saw 23 of its levels.

You collected 2500 gold pieces.
You spent 2122 gold pieces at shops.


Innate Abilities, Weirdness & Mutations

You cannot be hasted, slowed, berserked, paralysed or teleported.
You can dig through walls and to a lower floor.
You have a pair of large antennae on your head. (SInv)
Your four strong arms can wield two-handed weapons with a shield.


   Skills:
 - Level 12.0(17.0) Fighting
 + Level 19.4(24.4) Axes
 - Level 10.0(15.0) Armour
 - Level 20.0(25.0) Shields
 - Level 7.0 Invocations


You had 15 spell levels left.
You didn't know any spells.
Your spell library contained the following spells:

 Spells                   Type           Power      Damage    Failure   Level
 Sandblast                Erth           0%         2d4       96%         1
 Shock                    Conj/Air       0%         1d3       96%         1
 Cigotuvi's Dreadful Rot  Necr/Pois/Air  0%         N/A       99%         2
 Passwall                 Tmut/Erth      0%         N/A       99%         2
 Poisonous Vapours        Pois/Air       0%         N/A       99%         2
 Sublimation of Blood     Necr           0%         N/A       99%         2
 Wereblood                Tmut           0%         N/A       99%         2
 Ignite Poison            Fire/Tmut/Pois 0%         N/A       100%        3
 Mephitic Cloud           Conj/Pois/Air  0%         N/A       100%        3
 Portal Projectile        Hex/Tloc       0%         N/A       100%        3
 Stone Arrow              Conj/Erth      0%         3d7       100%        3
 Airstrike                Air            0%         2d(0-16)  100%        4
 Cause Fear               Hex            0%         N/A       100%        4
 Dispel Undead            Necr           0%         3d6       100%        4
 Manifold Assault         Tloc           0%         N/A       100%        4
 Passage of Golubria      Tloc           0%         N/A       100%        4
 Sticky Flame             Conj/Fire      0%         2d3       100%        4
 Blade Hands              Tmut           0%         N/A       100%        5
 Silence                  Hex/Air        0%         N/A       100%        5
 Yara's Violent Unravell  Hex/Tmut       0%         3d3       100%        5
 Dragon Form              Tmut           0%         N/A       100%        7
 Storm Form               Tmut/Air       0%         N/A       100%        7
 Ignition                 Fire           0%         3d3       100%        8
 Lehudib's Crystal Spear  Conj/Erth      0%         10d2      100%        8
 Blink                    Tloc           Unusable   N/A       N/A         2
 Swiftness                Air            Unusable   N/A       N/A         3
 Tukima's Dance           Hex            Unusable   N/A       N/A         3
 Death Channel            Necr           Unusable   N/A       N/A         6
 Summon Hydra             Summ           Unusable   N/A       N/A         7
 Dragon's Call            Summ           Unusable   N/A       N/A         9

Inventory:

Hand Weapons
 C - a +3 battleaxe of freezing
   (You took it off a wight on level 7 of the Dungeon)
 G - the +9 heavy crossbow "Sniper" {vorpal, Acc+∞ SInv}
   (You bought it in a shop on level 2 of the Orcish Mines)

   Any ammunition fired from it inflicts extra damage upon your enemies.
   Any ammunition fired from it never misses its target.
   SInv:      It lets you see invisible.
 R - a +3 battleaxe
   (You took it off an orc warrior on level 10 of the Dungeon)
 Z - a +2 war axe of freezing (weapon)
   (You took it off a naga on level 1 of the Snake Pit)
Missiles
 c - a curare-tipped dart
 l - 2 throwing nets
 D - 35 poisoned darts
 P - 16 boomerangs
Armour
 n - a +0 cloak (worn)
   (You found it on level 3 of the Dungeon)
 o - a +0 kite shield
   (You found it on level 3 of the Dungeon)
 r - a +1 pair of gloves (worn)
   (You found it on level 4 of the Dungeon)
 t - the +9 plate armour of Brilliance (worn) {rF+}
   (You bought it in a shop on level 1 of the Orcish Mines)

   rF:        It protects you from fire.
 K - a +0 pair of boots (worn)
   (You found it on level 8 of the Dungeon)
 M - the +4 tower shield of Tadolait (worn) {rPois}
   (Okawaru gifted it to you on level 3 of the Lair of Beasts)

   rPois:     It protects you from poison.
 N - a +0 plate armour
   (You took it off an orc warrior on level 9 of the Dungeon)
Jewellery
 a - an amulet of the acrobat
   (You found it on level 2 of the Snake Pit)
 b - a ring of positive energy
   (You found it on level 4 of the Lair of Beasts)
 w - an amulet of regeneration
   (You found it on level 5 of the Dungeon)
 E - a +4 ring of protection (right hand)
   (You found it on level 4 of the Lair of Beasts)
 H - a ring of positive energy
   (You found it on level 7 of the Dungeon)
 Q - an amulet of reflection (around neck)
   (You found it on level 10 of the Dungeon)
 Y - a ring of resist corrosion (left hand)
   (You found it on level 5 of the Lair of Beasts)
Wands
 m - a wand of acid (4)
   (You found it on level 3 of the Lair of Beasts)
 y - a wand of flame (25)
   (You found it on level 5 of the Dungeon)
 L - a wand of mindburst (23)
   (You found it on level 8 of the Dungeon)
 O - a wand of iceblast (14) (quivered)
   (You found it on level 11 of the Dungeon)
 W - a wand of digging (14)
   (You found it on level 4 of the Lair of Beasts)
Scrolls
 e - 7 scrolls of enchant weapon
 j - 3 scrolls of brand weapon
 q - 6 scrolls of enchant armour
 s - 3 scrolls of vulnerability
 u - 5 scrolls of fog
 v - 3 scrolls of fear
 z - 3 scrolls of amnesia
 F - 3 scrolls of magic mapping
 J - 5 scrolls of identify
 T - 3 scrolls of silence
 X - 2 scrolls of torment
Potions
 d - 9 potions of curing
 f - 8 potions of brilliance
 g - 12 potions of flight
 h - 3 potions of heal wounds
 i - a potion of resistance
 k - 2 potions of mutation
 p - 3 potions of ambrosia
 x - 2 potions of magic
 A - 3 potions of attraction
 B - 4 potions of cancellation
 I - 4 potions of lignification
 U - a potion of invisibility
 V - a potion of might

Dungeon Overview and Level Annotations

Branches:
Dungeon (12/15) Zot: 25663  Temple (1/1) D:6 Zot: 5955    Lair (5/5) D:10 Zot: 22802
 Shoals (0/4) Lair:3        Snake (3/4) Lair:2 Zot: 14006   Slime (0/5) Lair:4
    Orc (2/2) D:10 Zot: 9773     Elf (0/3) Orc:2

Altars:
Ashenzari
Cheibriados
Dithmenos
Elyvilon
Fedhas
Gozag
Hepliaklqana
Kikubaaqudgha
Makhleb
Nemelex Xobeh
Okawaru
Qazlal
Ru
Sif Muna
Trog
Uskayaw
Vehumet
Wu Jian
Xom
Yredelemnul
Zin
The Shining One
Jiyva

Shops:
D:9 (   D:11 !   D:12 *   Orc:1 [ Orc:2

(**= ###### ### #.##.## ##.#
### ### ##.#..# ### ####.##
#.## #.## ##...###.# #.....#
#..## ##..#######...#.##
####..#
##..####...............##
#..####...##..######.....#...#
#....[........# ####......#
#.........#..@## ##..#...
##.....[..###...# #......
###......)).#.....# #.....#
....#....)........### #...###
#.########.)........## ##....#
.## ##.....##...#####.....##
## #..######....##.......#
#..# ##............. #..###
##.....###....


There were no monsters in sight!


Message History

You slice the naga ritualist!! You freeze the naga ritualist!
You hit the naga ritualist but do no damage.
You feel sick.
You are more poisoned.
The naga warrior hits you but does no damage.
The naga ritualist calls down the wrath of its god upon you.
You easily resist.
The naga ritualist utters an invocation to its god.
The naga ritualist begins to radiate toxic energy.
You hit the naga ritualist. You freeze the naga ritualist.
You slash the naga ritualist! You freeze the naga ritualist.
You feel sick.
You are more poisoned.
* * * LOW HITPOINT WARNING * * *
The naga warrior spits poison at you. The splash of poison misses you.
The splash of poison hits the naga ritualist. 😨 HP[-3]
You take 3 damage, and now have 42/127 hp.
You closely miss the naga ritualist. x2; You feel sick.
You block the naga ritualist's attack. x3
The naga ritualist grabs you.
The naga ritualist constricts you. 😨 HP[-1]
You take 1 damage, and now have 41/127 hp.
You slice the naga ritualist!! You freeze the naga ritualist.
You kill the naga ritualist!
Okawaru accepts your kill.
You slash the naga ritualist! You freeze the naga ritualist.
You feel sick.
The naga ritualist no longer looks unusually strong.
* * * LOW HITPOINT WARNING * * *
You are more poisoned.
The naga warrior hits you but does no damage.
The naga ritualist loses its grip on you. 😨 HP[-2]
You take 2 damage, and now have 39/127 hp.
You hit the naga ritualist but do no damage.
You feel sick.
* * * LOW HITPOINT WARNING * * *
You block the naga warrior's attack. 😨 HP[-2]
You take 2 damage, and now have 37/127 hp.
Unknown command.
You hit the naga ritualist but do no damage.
You slice the mana viper!!
The mana viper seems to slow down.
You freeze the mana viper.
You feel sick.
The naga ritualist mumbles some strange prayers to its god against you.
You feel yourself grow more vulnerable to poison.
You block the mana viper's attack.
The naga warrior roars a battlecry!
The naga ritualists go into a battle-frenzy! 😨 HP[-1]
You take 1 damage, and now have 36/127 hp.
You feel sick.
* * * LOW HITPOINT WARNING * * *
You are more poisoned.
The naga ritualist's toxic aura wanes.
The naga ritualist spits poison at you.
The splash of poison reflects off an invisible shield around you!
The splash of poison hits the naga ritualist.
You block the naga warrior's attack. The naga warrior grabs you.
The naga warrior constricts you.
* * * LOW HITPOINT WARNING * * *
Things that are here:
a +0 club; a +0 robe; a naga corpse; 😱 HP[-7] MP[+1]
You take 7 damage, and now have 29/127 hp.
The naga warrior's grasp on you weakens, but your attempt to escape fails.
You feel sick.
The naga no longer looks unusually strong.
The naga ritualist mumbles some strange prayers to its god.
The naga ritualist begins to radiate toxic energy.
* * * LOW HITPOINT WARNING * * *
You are more poisoned.
You block the naga warrior's attack. The naga warrior constricts you.
* * * LOW HITPOINT WARNING * * *
😱 HP[-8]
You take 8 damage, and now have 21/127 hp.
You escape the naga warrior's grasp.
You feel sick.
The mana viper is no longer moving slowly.
* * * LOW HITPOINT WARNING * * *
You are more poisoned.
The naga ritualist no longer looks unusually toxic. 😱 HP[-5]
You take 5 damage, and now have 16/127 hp.
Unknown command.
You feel sick.
* * * LOW HITPOINT WARNING * * *
You are lethally poisoned!
You block the naga warrior's attack.
There is a stone staircase leading up, spattered with blood here. 😱 HP[-5]
You take 5 damage, and now have 11/127 hp.
* * * LOW HITPOINT WARNING * * *
You feel very sick.
* * * LOW HITPOINT WARNING * * *
You are more poisoned.
The naga warrior hits you from afar with a +0 glaive.
* * * LOW HITPOINT WARNING * * *
You climb upwards.
You die...

Skill      XL: |  1  2  3  4  5  6  7  8  9 10 11 12 13 14 15 16 |
---------------+-------------------------------------------------+-----
Fighting       | 4 5 7 11 12 | 12.0
Axes           | 3 4 6 9 10 12 14 16 17 19 | 19.4
Armour         | 8 9 10 | 10.0
Shields        | 7 13 17 19 20 | 20.0
Invocations    | 5 7 |  7.0

Action                   |  1- 3 |  4- 6 |  7- 9 | 10-12 | 13-15 | 16-18 || total
-------------------------+-------+-------+-------+-------+-------+-------++-------
Melee: War axe           |    74 |   116 |   140 |   510 |   931 |   214 ||  1985
       Hand axe          |       |       |       |    20 |       |       ||    20
       Battleaxe         |       |       |       |    13 |       |       ||    13
 Fire: Heavy crossbow    |       |       |       |       |       |     1 ||     1
Throw: Dart              |       |       |       |       |     2 |       ||     2
       Throwing net      |       |       |       |       |     1 |       ||     1
Invok: Heroism           |       |       |       |     3 |    24 |     6 ||    33
       Finesse           |       |       |       |       |     3 |     1 ||     4
 Abil: Dig               |       |     1 |       |       |       |       ||     1
       Shaft Self        |       |       |       |       |     1 |       ||     1
Evoke: Wand              |       |     1 |     5 |    12 |    12 |       ||    30
  Use: Potion            |     1 |       |     1 |     5 |     1 |       ||     8
       Scroll            |     4 |     9 |     7 |     6 |     3 |       ||    29
 Stab: Invisible         |       |       |       |     5 |       |       ||     5
Armor: Scale mail        |    42 |    58 |    69 |   109 |       |       ||   278
       Troll leather arm |       |       |       |    39 |       |       ||    39
       Plate armour      |       |       |       |    84 |   241 |    59 ||   384
       Chain mail        |       |       |       |       |    25 |       ||    25
Dodge: Dodged            |    56 |    60 |    67 |   179 |   158 |    37 ||   557
Block: Buckler           |    29 |    41 |    33 |   163 |   148 |       ||   414
       Reflection        |       |       |       |     6 |   112 |    31 ||   149
       Tower shield      |       |       |       |       |   909 |   315 ||  1224
       Other             |       |       |       |       |     4 |       ||     4
       Kite shield       |       |       |       |       |     2 |       ||     2

Levels and vault maps discovered:
D:1:      moated_graveyard_arrival, layout_rooms
D:2:      layout_basic, dilly_ecumenical_altar_fadedgnrine
D:3:      layout_basic, gammafunk_temple_overflow_statue, minmay_snake_closets
D:4:      layout_gridville, minmay_bent, uniq_pikel, uniq_eustachio
D:5:      gammafunk_steamed_eel, layout_basic, serial_park_tiny_pond,
          st_stairs_7, uniq_edmund
D:6:      layout_loops_ring, minmay_temple_entry_hall, uniq_grinder
D:7:      layout_gridville, hangedman_decor_slide_cut
D:8:      layout_basic, lemuel_tele_altar
D:9:      layout_rooms, serial_shops, nicolae_square_shop
D:10:     layout_loops_ring, lair_entry_dummy, erik_orc_2
D:11:     layout_irregular_city, serial_shops, shop,
          onia_ninara_dug_in_and_dangerous, uniq_fannar
D:12:     layout_long_grid, serial_shops, nicolae_take_the_stairs,
          nrook_guardian_serpent_ordinary
Temple:   hellmonk_temple_divided_pantheon
Lair:1:   layout_roguey
Lair:2:   layout_regular_city, guppyfry_snake_entry_island,
          minmay_shattered_shrine, infiniplex_staircase_pool, uniq_gastronok
Lair:3:   layout_roguey, elwin_shoals_entry_rooms, serial_bayou_pond_d,
          minivault_26, serial_bayou_shore_b
Lair:4:   layout_gridlike, slime_entry_1, uniq_kirke
Lair:5:   hangedman_lair_tendril_chambers, layout_gridlike,
          hangedman_lair_unloving_vines, uniq_nessos
Snake:1:  layout_chambers, grunt_megastairs_3
Snake:2:  layout_layer_cave, grunt_ministairs_15, uniq_jorgrun
Snake:3:  layout_cave_pods, hellmonk_ghost_happy_afterlife
Orc:1:    layout_caves, serial_shops, nicolae_shop_advertising_works
          [nicolae_subvault_shop_adworks], nicolae_orc_stony_grotto
Orc:2:    st_orc_rangers, layout_diamond_mine, nicolae_shop_clearance

Notes
Turn   | Place    | Note
-------+----------+-------------------------------------------
     0 | D:1      | ytrimaz the Formicid Fighter began the quest for the Orb.
     0 | D:1      | Reached XP level 1. HP: 18/18 MP: 1/1
     0 | D:1      | magus.rc [v1.9.6]
    13 | D:1      | Reached XP level 2. HP: 8/24 MP: 2/2
    14 | D:1      | HP: 6/25 [frozen (3)]
    18 | D:1      | HP: 2/25 [frozen (5)]
   205 | D:1      | Reached XP level 3. HP: 13/30 MP: 3/3
   256 | D:1      | Reached skill level 4 in Fighting
   615 | D:2      | Reached skill level 3 in Axes
   632 | D:2      | You add the spells Ignite Poison, Sticky Flame and Ignition
                  | to your library.
   694 | D:2      | Reached XP level 4. HP: 28/37 MP: 4/4
   757 | D:2      | You pick up a book of the Moon and begin reading...
   757 | D:2      | You add the spells Passage of Golubria, Silence and
                  | Lehudib's Crystal Spear to your library.
  1095 | D:2      | Found a faded altar of an unknown god.
  1219 | D:3      | Reached XP level 5. HP: 38/43 MP: 5/5
  1513 | D:3      | Found a basalt altar of Yredelemnul.
  1513 | D:3      | Found an iron altar of Okawaru.
  1642 | D:3      | Reached skill level 5 in Fighting
  1837 | D:3      | Reached skill level 4 in Axes
  1939 | D:3      | Reached XP level 6. HP: 51/51 MP: 6/6
  2118 | D:4      | Noticed Pikel
  2131 | D:4      | Killed Pikel
  2132 | D:4      | Reached skill level 7 in Fighting
  2132 | D:4      | Reached skill level 6 in Axes
  2132 | D:4      | Reached XP level 7. HP: 41/60 MP: 7/7
  2196 | D:4      | Reached XP level 8. HP: 53/67 MP: 8/8
  2249 | D:4      | Identified the -1 helmet of Generosity {rPois SInv Stlth-}
  2665 | D:4      | Identified a potion of experience
  2667 | D:4      | Reached skill level 11 in Fighting
  2667 | D:4      | Reached skill level 9 in Axes
  2667 | D:4      | Reached skill level 8 in Armour
  2667 | D:4      | Reached XP level 9. HP: 81/81 MP: 9/9
  2735 | D:4      | Noticed Eustachio
  2764 | D:4      | Killed Eustachio
  2996 | D:5      | Entered Level 5 of the Dungeon
  2996 | D:5      | Noticed Edmund
  3008 | D:5      | Killed Edmund
  3009 | D:5      | Reached skill level 10 in Axes
  3215 | D:5      | Found a transporter.
  3456 | D:5      | Found a transporter.
  3781 | D:6      | Noticed Grinder
  3813 | D:6      | Killed Grinder
  3814 | D:6      | Reached XP level 10. HP: 72/88 MP: 10/10
  4234 | D:6      | Found a staircase to the Ecumenical Temple.
  4240 | Temple   | Entered the Ecumenical Temple
  4240 | Temple   | Found a transporter.
  4240 | Temple   | Found a transporter.
  4242 | Temple   | Found a transporter.
  4242 | Temple   | Found a transporter.
  4791 | D:7      | Reached skill level 12 in Fighting
  4890 | D:7      | Reached skill level 11 in Axes
  5038 | D:7      | Noticed a komodo dragon
  5048 | D:7      | Killed a komodo dragon
  5623 | D:8      | Reached skill level 12 in Axes
  5626 | D:8      | Reached XP level 11. HP: 45/95 MP: 11/11
  5827 | D:8      | Found a hazy altar of Hepliaklqana.
  6298 | D:9      | You pick up a book of Weapons and begin reading...
  6298 | D:9      | You add the spells Tukima's Dance, Portal Projectile and
                  | Blade Hands to your library.
  6370 | D:9      | Found Dull's Weapon Boutique.
  6545 | D:10     | Entered Level 10 of the Dungeon
  6608 | D:10     | Found a staircase to the Lair.
  6875 | D:10     | Reached skill level 13 in Axes
  6921 | D:10     | Found a staircase to the Orcish Mines.
  7396 | D:11     | Noticed Fannar
  7428 | D:11     | Killed Fannar
  7554 | D:3      | Became a worshipper of Warmaster Okawaru
  7709 | D:11     | Noticed a manticore
  7724 | D:11     | Killed a manticore
  7855 | D:11     | Found Cauxixoj's Distillery.
  8063 | D:11     | Noticed a cyclops
  8070 | D:11     | Killed a cyclops
  8250 | D:11     | Noticed a boulder beetle
  8250 | D:11     | Noticed a manticore
  8256 | D:11     | Noticed a manticore
  8261 | D:11     | Noticed an ogre mage
  8492 | D:12     | Found Vaukuim's General Store.
  8599 | D:12     | Reached skill level 14 in Axes
  8607 | D:12     | Reached * piety under Okawaru
  8776 | D:12     | You pick up a book of Geomancy and begin reading...
  8776 | D:12     | You add the spells Sandblast, Passwall and Stone Arrow to
                  | your library.
  9262 | D:12     | Reached XP level 12. HP: 73/102 MP: 9/12
  9266 | D:12     | Reached ** piety under Okawaru
  9693 | Lair:1   | Entered Level 1 of the Lair of Beasts
  9700 | Lair:1   | Noticed a death yak
  9700 | Lair:1   | Noticed a death yak
  9700 | Lair:1   | Noticed a death yak
  9701 | Lair:1   | Noticed a death yak
  9701 | Lair:1   | Noticed a death yak
  9701 | Lair:1   | Noticed a death yak
  9723 | Lair:1   | Killed a death yak
  9724 | Lair:1   | Reached skill level 15 in Axes
  9729 | Lair:1   | HP: 22/102 [death yak (11)]
  9736 | Lair:1   | HP: 24/102 [death yak (13)]
  9737 | Lair:1   | Killed a death yak
  9741 | Lair:1   | HP: 20/102 [death yak (6)]
  9746 | Lair:1   | Killed a death yak
  9749 | Lair:1   | Killed a death yak
  9749 | Lair:1   | Reached *** piety under Okawaru
  9753 | Lair:1   | Killed a death yak
  9757 | Lair:1   | HP: 16/102 [death yak (15)]
  9758 | Lair:1   | Killed a death yak
  9759 | Lair:1   | Reached skill level 16 in Axes
 10322 | Lair:1   | Reached **** piety under Okawaru
 10323 | Lair:1   | Reached skill level 9 in Armour
 10453 | Lair:1   | Reached skill level 5 in Shields
 11156 | Lair:2   | You pick up a book of Blood and begin reading...
 11156 | Lair:2   | You add the spells Sublimation of Blood and Wereblood to
                  | your library.
 11293 | Lair:2   | Noticed Gastronok
 11306 | Lair:2   | Killed Gastronok
 11307 | Lair:2   | Reached skill level 6 in Shields
 11611 | Lair:2   | Reached skill level 7 in Shields
 11611 | Lair:2   | Reached XP level 13. HP: 78/108 MP: 13/13
 11613 | Lair:2   | Reached skill level 10 in Armour
 11622 | Lair:2   | Found a staircase to the Snake Pit.
 11630 | Lair:2   | Reached skill level 8 in Shields
 11827 | Lair:2   | You add the spells Manifold Assault and Storm Form to your
                  | library.
 12211 | Lair:2   | Reached skill level 9 in Shields
 12343 | Lair:2   | Noticed a six-headed hydra
 12357 | Lair:2   | HP: 23/108 [nine-headed hydra (5)]
 12359 | Lair:2   | Killed a nine-headed hydra
 12637 | Lair:2   | Reached ***** piety under Okawaru
 12638 | Lair:2   | Reached skill level 10 in Shields
 12974 | Lair:3   | Reached skill level 11 in Shields
 12991 | Lair:3   | Reached skill level 1 in Invocations
 13262 | Lair:3   | Reached skill level 2 in Invocations
 13266 | Lair:3   | Identified the +4 tower shield of Tadolait {rPois} (Okawaru
                  | gifted it to you on level 3 of the Lair of Beasts)
 13266 | Lair:3   | Received a gift from Okawaru
 13267 | Lair:3   | Reached skill level 3 in Invocations
 13273 | Lair:3   | Reached skill level 12 in Shields
 13378 | Lair:3   | You pick up a book of Air and begin reading...
 13378 | Lair:3   | You add the spells Shock and Airstrike to your library.
 13460 | Lair:3   | Found a staircase to the Shoals.
 13568 | Lair:3   | Noticed a five-headed hydra
 13579 | Lair:3   | You fall into a shaft and drop 2 floors!
 13579 | Lair:5   | Entered Level 5 of the Lair of Beasts
 13626 | Lair:5   | Reached skill level 4 in Invocations
 13791 | Lair:4   | Reached skill level 5 in Invocations
 13875 | Lair:4   | You pick up a book of Vapours and begin reading...
 13875 | Lair:4   | You add the spells Poisonous Vapours, Cigotuvi's Dreadful
                  | Rot and Mephitic Cloud to your library.
 13909 | Lair:4   | Reached skill level 13 in Shields
 13909 | Lair:4   | Noticed Kirke
 13914 | Lair:4   | Reached XP level 14. HP: 77/115 MP: 18/18
 13928 | Lair:4   | Reached skill level 6 in Invocations
 13938 | Lair:4   | Killed Kirke
 14496 | Lair:4   | Found a staircase to the Slime Pits.
 14496 | Lair:4   | Found a viscous altar of Jiyva.
 14804 | Lair:5   | Reached skill level 7 in Invocations
 14850 | Lair:5   | Reached skill level 14 in Shields
 15396 | Lair:5   | Noticed Nessos
 15401 | Lair:5   | Killed Nessos
 15402 | Lair:5   | Reached skill level 15 in Shields
 15420 | Lair:5   | You pick up a book of Decay and begin reading...
 15510 | Lair:5   | You pick up a book of the Dragon and begin reading...
 15510 | Lair:5   | You add the spells Cause Fear and Dragon Form to your
                  | library.
 15628 | Lair:5   | Received a gift from Okawaru
 15910 | Lair:5   | Reached skill level 16 in Shields
 17059 | Orc:1    | Entered Level 1 of the Orcish Mines
 17100 | Orc:1    | Noticed an orc warlord
 17122 | Orc:1    | Killed an orc warlord
 17130 | Orc:1    | Reached skill level 17 in Shields
 17722 | Orc:1    | Found Ugheosoup's Antique Armour Boutique.
 18051 | Orc:1    | Bought an aquamarine-encrusted plate armour for 1092 gold
                  | pieces
 18051 | Orc:1    | Identified the +9 plate armour of Brilliance {rF+} (You
                  | bought it in a shop on level 1 of the Orcish Mines)
 18091 | Orc:2    | Entered Level 2 of the Orcish Mines
 18177 | Orc:2    | Found Gaepp's CLEARANCE SALE!.
 18184 | Orc:2    | Bought a scroll of fog for 12 gold pieces
 18184 | Orc:2    | Bought a potion of curing for 9 gold pieces
 18184 | Orc:2    | Bought a potion of heal wounds for 15 gold pieces
 18345 | Orc:2    | Reached XP level 15. HP: 108/120 MP: 18/20
 18358 | Orc:2    | Noticed an orc warlord
 18375 | Orc:2    | Killed an orc warlord
 18432 | Orc:2    | HP: 27/120 [orc warrior/bolt (10)]
 18746 | Orc:2    | Found a staircase to the Elven Halls.
 18791 | Orc:2    | Reached skill level 18 in Shields
 18813 | Orc:2    | Found Penekh's General Store.
 18813 | Orc:2    | Found Zeag's Assorted Antiques.
 18815 | Orc:2    | Found Kioqyb's Weapon Shop.
 18817 | Orc:2    | Found Ruonwu's Jewellery Shoppe.
 18947 | Orc:2    | Bought a scroll of identify for 46 gold pieces
 18947 | Orc:2    | Bought a scroll labelled ARAEQO HIPOZO for 23 gold pieces
 19302 | Orc:2    | Bought the +9 heavy crossbow "Sniper" {vorpal, Acc+∞ SInv}
                  | for 925 gold pieces
 19302 | Orc:2    | Found the +9 heavy crossbow "Sniper" {vorpal, Acc+∞ SInv}
 19444 | Snake:1  | Entered Level 1 of the Snake Pit
 19556 | Snake:1  | Reached skill level 17 in Axes
 19599 | Snake:1  | Reached ****** piety under Okawaru
 19892 | Snake:1  | Identified the +1 pair of gloves of the Kettle-Drum {+Blink
                  | +Inv rF-} (Okawaru gifted it to you on level 1 of the Snake
                  | Pit)
 19892 | Snake:1  | Received a gift from Okawaru
 20260 | Snake:1  | HP: 30/120 [poisoned by a naga sharpshooter (splash of
                  | poison)]
 20264 | Snake:1  | Reached skill level 19 in Shields
 20265 | Snake:1  | HP: 20/120 [poisoned by a naga sharpshooter (splash of
                  | poison)]
 21410 | Snake:2  | Noticed Jorgrun
 21431 | Snake:2  | Killed Jorgrun
 21432 | Snake:2  | Reached XP level 16. HP: 42/127 MP: 14/21
 21550 | Snake:2  | Noticed a nagaraja
 21570 | Snake:2  | Killed a nagaraja
 21571 | Snake:2  | HP: 31/127 [poisoned by a nagaraja (splash of poison)]
 21994 | Snake:2  | Reached skill level 18 in Axes
 22081 | Snake:2  | Received a gift from Okawaru
 22370 | Snake:2  | Reached skill level 20 in Shields
 23231 | Snake:3  | Noticed a nagaraja
 23235 | Snake:3  | Reached skill level 19 in Axes
 23258 | Snake:2  | HP: 30/127 [anaconda[a naga ritualist] (5)]
 23264 | Snake:2  | HP: 23/127 [constriction[a naga ritualist] (5)]
 23549 | Snake:3  | Killed a nagaraja
 23565 | Snake:3  | HP: 29/127 [constriction (3)]
 23568 | Snake:3  | HP: 14/127 [poisoned by a naga ritualist (toxic radiance)]
 23569 | Snake:3  | HP: 3/127 [naga warrior/+0 glaive (4)]
 23570 | Snake:2  | Succumbed to a naga ritualist's toxic radiance

Vanquished Creatures
  Jorgrun (Snake:2)
  Kirke (Lair:4)
  Gastronok (Lair:2)
  2 nagarajas
  2 orc warlords
  Nessos (Lair:5)
  Fannar (D:11)
  2 hydras
  2 centaur warriors (Orc:2)
  3 anacondas
  9 naga warriors
  10 death yaks
  7 naga sharpshooters
  2 shock serpents (Snake:2)
  3 salamander mystics
  4 naga ritualists
  Pikel (D:4)
  6 orc knights (Orc:2)
  An oklob plant (Lair:5)
  8 mana vipers
  2 orc sorcerers (Orc:2)
  A wolf spider (Lair:5)
  7 salamanders
  A cyclops (D:11)
  15 elephants
  2 manticores
  4 naga magi
  34 black mambas
  3 guardian serpents
  A torpor snail (Lair:4)
  A gargoyle (D:12)
  14 cane toads
  10 komodo dragons
  5 trolls
  2 polar bears
  4 hornets
  Grinder (D:6)
  6 slime creatures (D:12)
  10 blink frogs
  A wraith (D:12)
  12 wyverns
  2 basilisks
  Eustachio (D:4)
  2 humans (Lair:4)
  13 yaks
  3 redbacks (Lair:5)
  4 hogs (Lair:4)
  2 vampire mosquitoes (D:12)
  2 wargs
  An acid dragon (D:12)
  Edmund (D:5)
  31 nagas
  19 water moccasins
  44 orc warriors
  A black bear (D:8)
  7 ogres
  5 wolves (Lair:4)
  16 centaurs
  9 bullfrogs
  A kobold brigand (D:6)
  A necrophage (D:5)
  3 scorpions
  16 wights
  8 electric eels
  6 howler monkeys
  4 hounds
  A jelly (D:5)
  15 orc priests
  6 iguanas
  29 orc wizards
  20 adders
  4 gnolls (D:4)
  A white imp (D:6)
  An ufetubus (D:7)
  4 dart slugs
  5 worms
  95 orcs
  16 ball pythons
  6 bats
  7 endoplasms
  2 giant cockroaches
  4 goblins
  A hobgoblin (D:2)
  10 jackals
  13 kobolds
  8 quokkas
  4 frilled lizards
  7 rats
664 creatures vanquished.

Vanquished Creatures (others)
  A naga mage (Snake:2)
  A blink frog (Lair:2)
  2 nagas
  A centaur (D:12)
  30 fungi
  60 plants
95 creatures vanquished.

Grand Total: 759 creatures vanquished

Table legend:
 A = Non-vault XP
 B = Vault XP
 C = Vault XP percentage of total XP
 D = Non-vault monster count
 E = Vault monster count
 F = Vault count percentage of total count
                 A         B        C        D         E       F
            +---------+---------+-------+---------+---------+-------
      Total |  103178 |   33864 |  24.7 |     515 |     152 |  22.8
            +---------+---------+-------+---------+---------+-------
        D:1 |      53 |       0 |   0.0 |      30 |       0 |   0.0
        D:2 |      78 |       0 |   0.0 |      20 |       0 |   0.0
        D:3 |      52 |     123 |  70.3 |      17 |      12 |  41.4
        D:4 |     190 |    1044 |  84.6 |      22 |      10 |  31.2
        D:5 |     638 |     320 |  33.4 |      16 |       5 |  23.8
        D:6 |     613 |     281 |  31.4 |      20 |       1 |   4.8
        D:7 |    1638 |       0 |   0.0 |      20 |       0 |   0.0
        D:8 |    1895 |       0 |   0.0 |      29 |       0 |   0.0
        D:9 |    1454 |       0 |   0.0 |      19 |       0 |   0.0
       D:10 |     486 |     675 |  58.1 |      10 |      21 |  67.7
       D:11 |    1166 |     881 |  43.0 |       8 |       1 |  11.1
       D:12 |    3789 |     463 |  10.9 |      19 |       1 |   5.0
     Lair:1 |    7592 |       0 |   0.0 |      17 |       0 |   0.0
     Lair:2 |    3395 |    5609 |  62.3 |      12 |      15 |  55.6
     Lair:3 |    8483 |       0 |   0.0 |      20 |       0 |   0.0
     Lair:4 |    4442 |    2280 |  33.9 |      15 |       5 |  25.0
     Lair:5 |    7376 |   10765 |  59.3 |      22 |      37 |  62.7
    Snake:1 |   19268 |    1580 |   7.6 |      40 |       4 |   9.1
    Snake:2 |   18697 |    3434 |  15.5 |      42 |       3 |   6.7
    Snake:3 |   10944 |       0 |   0.0 |      19 |       0 |   0.0
      Orc:1 |    3728 |       0 |   0.0 |      51 |       0 |   0.0
      Orc:2 |    7201 |    6409 |  47.1 |      47 |      37 |  44.0
            +---------+---------+-------+---------+---------+-------

Illustrated notes

Table legend:
 A = Kills in this place as a percentage of kills in entire the game.
 B = Kills by you in this place as a percentage of kills by you in the entire game.
 C = Kills by friends in this place as a percentage of kills by friends in the entire game.
 D = Other kills in this place as a percentage of other kills in the entire game.
 E = Experience gained in this place as a percentage of experience gained in the entire game.
 F = Experience gained in this place divided by the number of levels of this place that you have seen.
                   A       B       C       D       E      F
               +-------+-------+-------+-------+-------+----------------------
         Total | 100.0 | 100.0 |   N/A | 100.0 | 100.0 | 5958.3
       Dungeon |  42.1 |  42.3 |   N/A |  20.0 |  11.6 | 1319.9
          Lair |  21.4 |  21.5 |   N/A |  20.0 |  36.4 | 9988.4
     Snake Pit |  16.2 |  15.9 |   N/A |  60.0 |  39.3 | 17974.3
  Orcish Mines |  20.2 |  20.4 |   N/A |   0.0 |  12.7 | 8669.0
               +-------+-------+-------+-------+-------+----------------------

Table legend: (Time is in decaauts)
 A = Elapsed time spent in this place.
 B = Non-inter-level travel time spent in this place.
 C = Inter-level travel time spent in this place.
 D = Time resting spent in this place.
 E = Time spent auto-exploring this place.
 F = Levels seen in this place.
 G = Mean time per level.
                   A        B        C        D        E       F      G
               +--------+--------+--------+--------+--------+-----+--------+
         Total |  23298 |  22041 |   1257 |    395 |  17684 |  23 | 1013.0 |
       Dungeon |   9835 |   9057 |    778 |    107 |   7030 |  12 |  819.6 |
        Temple |     44 |     44 |      0 |      0 |      6 |   1 |   44.0 |
          Lair |   7197 |   6937 |    260 |      7 |   5834 |   5 | 1439.4 |
     Snake Pit |   3993 |   3970 |     23 |    281 |   3086 |   3 | 1331.0 |
  Orcish Mines |   2226 |   2031 |    195 |      0 |   1728 |   2 | 1113.0 |
               +--------+--------+--------+--------+--------+-----+--------+

Top non-repeatable levels by time:
 Snake:2: 2097 daAuts
  Lair:2: 1920 daAuts
 Snake:1: 1832 daAuts
  Lair:5: 1669 daAuts
  Lair:1: 1361 daAuts
   Orc:2: 1211 daAuts
  Lair:3: 1189 daAuts
    D:12: 1173 daAuts
  Lair:4: 1056 daAuts
     D:3: 1042 daAuts
    D:10: 1039 daAuts
   Orc:1: 1015 daAuts
     D:4: 938 daAuts
     D:7: 894 daAuts
    D:11: 871 daAuts
